 Dungeon Crawl Stone Soup version 0.17-a0-1837-g7c6a762 (webtiles) character file.

5538 Izanagi the Basher (level 10, -5/56 HPs)
             Began as a Gargoyle Fighter on Sept 15, 2015.
             Was a Believer of Okawaru.
             Slain by a komodo dragon (12 damage)
             ... on level 8 of the Dungeon.
             The game lasted 00:38:28 (11291 turns).

Izanagi the Basher (Gargoyle Fighter)              Turns: 11291, Time: 00:38:29

Health: -5/56      AC: 19    Str: 23    XL:     10   Next: 71%
Magic:  10/10      EV: 11    Int:  9    God:    Okawaru [**....]
Gold:   281        SH:  0    Dex:  9    Spells: 0 memorised, 9 levels left

rFire  + . .     SeeInvis .     a - +1 flail
rCold  + + .     Clarity  .     b - +1 scale mail
rNeg   + + .     SustAt   .     (no shield)
rPois  ∞         Gourm    .     r - +2 helmet
rElec  +         Spirit   .     (no cloak)
rCorr  +         Warding  +     (no gloves)
rMut   .         Stasis   .     (no boots)
MR     .....                    i - amulet of warding
Stlth  ..........               t - ring of loudness (curse)
                                o - ring of protection from cold

@: resistant, heroism, not resistant to hostile enchantments, extremely
unstealthy
A: negative energy resistance 1, electricity resistance, unbreathing,
petrification resistance, rot immunity, AC +7
a: Heroism, Renounce Religion


You were on level 8 of the Dungeon.
You worshipped Okawaru.
Okawaru was pleased with you.
You were not hungry.

You visited 3 branches of the dungeon, and saw 11 of its levels.
You also visited: Ossuary.

You collected 281 gold pieces.

Inventory:

Hand weapons
 a - a +1 flail (weapon)
Armour
 b - a +1 scale mail (worn)
 c - a +0 shield
 r - a +2 helmet (worn)
 A - a +0 plate armour
Jewellery
 g - an uncursed ring of magical power
 h - an uncursed ring of flight
 i - an amulet of warding (around neck)
 o - a ring of protection from cold (left hand)
 t - a cursed ring of loudness (right hand)
 v - an uncursed amulet of resist mutation
 y - an uncursed ring of teleportation
Scrolls
 j - 2 scrolls of amnesia
 n - 4 scrolls of recharging
Potions
 d - 2 potions of might
 k - a potion of magic
 m - 3 potions of flight
 p - a potion of cure mutation {unknown}
 s - a potion of haste {unknown}
 w - a potion of invisibility {unknown}
 x - 2 potions of resistance
Books
 l - a book of Cantrips

   Spells                             Type                      Level
   a - Corona                         Hexes                        1
   b - Animate Skeleton               Necromancy                   1
   c - Summon Small Mammal            Summoning                    1
   d - Apportation                    Translocation                1
Comestibles
 e - 5 bread rations
 f - a beef jerky


   Skills:
 - Level 3.2(8.2) Fighting
 - Level 14.8(19.8) Maces & Flails
 + Level 4.2(9.2) Armour
 - Level 3.2(8.2) Shields


You had 9 spell levels left.
You didn't know any spells.

Dungeon Overview and Level Annotations

Branches:
Dungeon (9/15)             Temple (1/1) D:7            Lair (1/8) D:8
    Orc: D:9-12

Altars:
Ashenzari
Cheibriados
Dithmenos
Elyvilon
Fedhas
Gozag
Kikubaaqudgha
Makhleb
Nemelex Xobeh
Okawaru
Qazlal
Ru
Sif Muna
Trog
Vehumet
Xom
Zin


Innate Abilities, Weirdness & Mutations

You are resistant to torment.
Your stone body is resilient (AC +7).
You are immune to poison.
You resist negative energy.
You are resistant to electric shocks.
You can survive without breathing.
You are immune to petrification.
You are immune to rotting.


Message History

You feel slightly more hungry.
You thump the komodo dragon!
The komodo dragon is moderately wounded.
The komodo dragon bites you.
* * * LOW HITPOINT WARNING * * *
You sock the komodo dragon!
The komodo dragon is heavily wounded.
The komodo dragon bites you!
* * * LOW HITPOINT WARNING * * *
Drink which item? (? for menu, Esc to quit)
Okay, then.
The komodo dragon hisses menacingly.
Things that are here:
a robe; a dagger Drink which item? (? for menu, Esc to quit)
You feel protected.
You sock the komodo dragon!
The komodo dragon is heavily wounded.
The komodo dragon bites you!
You die...

.......[......###......####......
....####[##..####.........##.....
....# #.######...........####...
....# #.# ####..####..))...###..
....# #.###.......####[†#### ##.
..### #.#..................####.
..# #......(..................
### #.........................
#.##....l@................
#.##.#####################
#.##......................
#.######################## #.#
#.# #.# #.# #.#


You could see a komodo dragon.

Vanquished Creatures
  Prince Ribbit (D:7)
  Sigmund (D:6)
  A spriggan (D:7)
  5 yaks
  2 wargs (D:8)
  A steam dragon (D:7)
  2 orc warriors (D:8)
  3 ice beasts (D:8)
  5 ogres
  A black bear (D:8)
  A sky beast (D:8)
  A centaur (D:5)
  2 phantoms
  A crocodile (D:8)
  3 elf zombies (Ossuary)
  2 giant frogs (D:8)
  A wyvern skeleton (D:6)
  5 scorpions
  2 crimson imps
  2 giant frog zombies
  4 orc priests
  A jelly (D:7)
  4 hounds
  23 orc wizards
  3 centaur zombies
  10 worker ants
  2 giant frog skeletons (D:8)
  Natasha (twice) (D:3)
  2 iguanas
  A killer bee zombie (D:5)
  A big kobold zombie (Ossuary)
  3 mummies (Ossuary)
  6 gnolls (D:8)
  8 adders
  A river rat (D:5)
  2 shadow imps
  2 oozes
  An adder zombie (Ossuary)
  3 worms
  5 giant geckos
  46 orcs
  A ball python (D:4)
  7 giant cockroaches
  2 gnoll zombies (Ossuary)
  11 goblins
  9 hobgoblins
  2 quokkas
  6 bats
  4 giant newts
  4 goblin zombies (Ossuary)
  3 hobgoblin zombies (Ossuary)
  9 jackals
  2 jackal zombies (Ossuary)
  11 kobolds
  A kobold zombie (Ossuary)
  An orc zombie (Ossuary)
  A quokka skeleton (D:8)
  7 quokka zombies (Ossuary)
  7 rats
  5 rat zombies (Ossuary)
265 creatures vanquished.

Vanquished Creatures (others)
  A hobgoblin (D:2)
1 creature vanquished.

Grand Total: 266 creatures vanquished

Notes
Turn   | Place    | Note
--------------------------------------------------------------
     0 | D:1      | Izanagi the Gargoyle Fighter began the quest for the Orb.
     0 | D:1      | Reached XP level 1. HP: 14/14 MP: 1/1
   145 | D:1      | Reached XP level 2. HP: 14/19 MP: 2/2
   415 | D:1      | Reached XP level 3. HP: 23/23 MP: 3/3
   807 | D:2      | Found a white marble altar of Elyvilon.
   846 | D:2      | Reached skill level 4 in Maces & Flails
   992 | D:2      | Reached XP level 4. HP: 13/28 MP: 4/4
  1712 | D:3      | Noticed Natasha
  1721 | D:3      | Killed Natasha
  1721 | D:3      | Reached skill level 5 in Maces & Flails
  1739 | D:3      | Reached XP level 5. HP: 20/32 MP: 5/5
  2017 | D:3      | Noticed Natasha
  2028 | D:3      | Killed Natasha
  2478 | D:4      | Reached skill level 6 in Maces & Flails
  2478 | D:4      | Reached XP level 6. HP: 16/37 MP: 6/6
  2485 | D:4      | HP: 1/37 [orc priest/divine providence (16)]
  3225 | D:4      | Reached skill level 7 in Maces & Flails
  3286 | D:4      | Reached XP level 7. HP: 22/41 MP: 7/7
  3523 | D:4      | Noticed an ogre
  3627 | D:4      | Found a burning altar of Makhleb.
  3648 | D:4      | Reached skill level 8 in Maces & Flails
  3947 | D:4      | Killed an ogre
  4200 | D:5      | Entered Level 5 of the Dungeon
  4211 | D:5      | Found an ancient bone altar of Kikubaaqudgha.
  4340 | D:5      | Reached skill level 9 in Maces & Flails
  4340 | D:5      | Reached XP level 8. HP: 37/46 MP: 8/8
  4420 | D:5      | Found a blossoming altar of Fedhas.
  4522 | D:5      | Found a shadowy altar of Dithmenos.
  4536 | D:5      | Found a blossoming altar of Fedhas.
  4536 | D:5      | Found a burning altar of Makhleb.
  4538 | D:5      | Found a shattered altar of Ashenzari.
  4596 | D:5      | Reached skill level 10 in Maces & Flails
  4632 | D:5      | Found a sand-covered staircase.
  4640 | Ossuary  | Entered an ossuary
  5221 | D:5      | Reached skill level 11 in Maces & Flails
  5241 | D:5      | Reached XP level 9. HP: 23/51 MP: 9/9
  5892 | D:6      | Noticed Sigmund
  5904 | D:6      | Killed Sigmund
  6634 | D:7      | Noticed Prince Ribbit
  6649 | D:7      | Killed Prince Ribbit
  6649 | D:7      | Reached skill level 12 in Maces & Flails
  6812 | D:7      | Found a staircase to the Ecumenical Temple.
  6818 | Temple   | Entered the Ecumenical Temple
  6957 | Temple   | Became a worshipper of Warmaster Okawaru
  7362 | D:7      | Reached skill level 13 in Maces & Flails
  7703 | D:8      | Acquired Okawaru's first power
  7762 | D:8      | Reached XP level 10. HP: 23/56 MP: 10/10
  8248 | D:8      | Found a staircase to the Lair.
  8911 | D:8      | Reached skill level 14 in Maces & Flails
 10000 | Lair:1   | Entered Level 1 of the Lair of Beasts
 10470 | D:8      | HP: 2/56 [crocodile (6)]
 11165 | Lair:1   | Noticed a seven-headed hydra
 11168 | Lair:1   | Noticed a six-headed hydra
 11262 | D:8      | HP: 2/56 [komodo dragon (10)]
 11291 | D:8      | Slain by a komodo dragon

Vault maps used:
D:1:      wheals_arrival_linesprint
D:2:      elyvilon_altar_4
D:3:      uniq_natasha
D:4:      first_bread, makhleb_heckhound_becter
D:5:      grunt_temple_overflow_open, kiku_gazebo_pond_becter,
          nicolae_ossuary_entry_plus, gup_sewer_entry_bubbles, minivault_25,
          fedhas_altar_1
D:6:      uniq_sigmund
D:7:      minmay_temple_entry_hall, the_bakery, hex_tiny, uniq_prince_ribbit1
D:8:      minmay_flawed_box, erik_lair_orcish_takeover
D:9:      grunt_temple_overflow_holy_war, serial_shops,
          nicolae_shop_behind_doors
Temple:   water_room_temple_b_12
Lair:1:   bh_autumn_forest_stairs
Ossuary:  minmay_ossuary_two_tombs

Action                   |  1- 3 |  4- 6 |  7- 9 | 10-12 || total
-------------------------+-------+-------+-------+-------++-------
Melee: Flail             |   134 |   250 |   548 |   427 ||  1359
Invok: Heroism           |       |       |     1 |     1 ||     2
  Use: Scroll            |     4 |     7 |     7 |     7 ||    25
       Potion            |       |     3 |     4 |     3 ||    10
 Stab: Fleeing           |       |       |     1 |       ||     1
       Distracted        |       |       |       |     1 ||     1
  Eat: Royal jelly       |       |     1 |       |       ||     1
       Pizza             |       |     1 |       |       ||     1
       Fruit             |       |     4 |       |       ||     4
       Beef jerky        |       |     1 |     2 |       ||     3
       Bread ration      |       |       |     3 |       ||     3
       Meat ration       |       |       |       |     2 ||     2
